 Dungeon Crawl Stone Soup version 0.31-a0-221-gbddc013574 (webtiles) character file.

Game seed: 18117235692447962791

1107 qw the Cleaver (level 8, -1/50 HPs)
             Began as a Gargoyle Fighter on July 3, 2023.
             Was an Initiate of Okawaru.
             Slain by a troll (6 damage)
             ... on level 6 of the Dungeon.
             The game lasted 00:02:08 (3645 turns).

qw the Cleaver (Gargoyle Fighter)                   Turns: 3645, Time: 00:02:08

Health: -1/50      AC: 16    Str: 21    XL:     8   Next: 33%
Magic:  8/8        EV: 10    Int: 10    God:    Okawaru [......]
Gold:   11         SH:  4    Dex:  9    Spells: 7/7 levels left

rFire   . . .        m - +1 war axe (vamp)
rCold   . . .        c - +0 buckler
rNeg    + . .        h - +3 ring mail
rPois   inf          (no helmet)
rElec   +            (no cloak)
rCorr   +            e - +1 pair of gloves
SInv    +            (no boots)
Will    .....        (no amulet) Stlth
                     f - ring of resist corrosion
HPRegen 0.28/turn    o - ring of see invisible
MPRegen 0.11/turn

%: no passive effects
@: about to teleport
A: sickness immunity, AC +5, negative energy resistance 1, electricity
resistance, torment resistance 1, petrification resistance
a: Renounce Religion


You were on level 6 of the Dungeon.
You worshipped Okawaru.
Okawaru was noncommittal.
You visited 2 branches of the dungeon, and saw 7 of its levels.

You collected 277 gold pieces.
You spent 266 gold pieces at shops.


Innate Abilities, Weirdness & Mutations

You are immune to sickness and miasma.
Your stone body is resilient. (AC +5)
You are immune to poison.
You resist negative energy. (rN+)
You are resistant to electric shocks. (rElec)
You are resistant to unholy torment.
You are immune to petrification.


   Skills:
 + Level 5.4 Fighting
 - Level 8.0 Axes
 - Level 3.2 Armour
 - Level 1.1 Dodging
 - Level 3.2 Shields


You had 7 spell levels left.
You didn't know any spells.
Your spell library was empty.

Inventory:

Hand Weapons
 k - a +0 hand axe
 l - a +0 flail
 m - a +1 vampiric war axe (weapon)
Armour
 c - a +0 buckler (worn)
 e - a +1 pair of gloves (worn)
 h - a +3 ring mail (worn)
Jewellery
 f - a ring of resist corrosion (left hand)
 o - a ring of see invisible (right hand)
Scrolls
 i - a scroll of teleportation
 j - a scroll of identify
 n - a scroll of brand weapon
Potions
 a - 2 potions of enlightenment
 b - 2 potions of mutation
 d - 2 potions of might
 g - a potion of magic
 p - a potion of haste
 q - a potion of cancellation
 r - 2 potions of curing
 s - a potion of invisibility {unknown}

Dungeon Overview and Level Annotations

Branches:
Dungeon (6/15)             Temple (1/1) D:5

Altars:
Ashenzari
Cheibriados
Elyvilon
Hepliaklqana
Kikubaaqudgha
Makhleb
Okawaru
Qazlal
Ru
Sif Muna
Trog
Vehumet
Wu Jian
Yredelemnul
Zin
The Shining One

Shops:
D:5 !

Annotations:
D:4 1 runed translucent door, qw's ghost, amateur GrHs


Message History

The troll is lightly wounded.
The troll bites you but does no damage. You block the troll's attack.
The troll claws you!
You slash the troll!
You feel better.
The troll is moderately wounded.
The troll bites you but does no damage. The troll barely misses you. x2
You barely miss the troll.
The troll is lightly wounded.
You closely miss the scorpion. The troll barely misses you.
The troll closely misses you. The troll barely misses you.
The scorpion stings you but does no damage.
You barely miss the troll.
The troll is lightly wounded.
You hit the scorpion.
The scorpion stings you but does no damage.
The troll bites you but does no damage. The troll closely misses you.
The troll misses you.
You slash the troll!
You feel better.
The troll is heavily wounded.
You hit the scorpion.
The scorpion stings you but does no damage.
The troll bites you! The troll closely misses you.
The troll claws you but does no damage. You block the scorpion's attack.
You hit the troll.
You feel better.
The troll is severely wounded.
You barely miss the scorpion. The troll bites you!
The troll closely misses you. x2
The scorpion stings you but does no damage.
You slash the troll!
You feel better.
The troll is almost dead.
You closely miss the scorpion. The troll bites you!
The troll claws you but does no damage. The troll claws you.
The scorpion misses you.
3645 ||| READING 2 scrolls of teleportation.
As you read the scroll of teleportation, it crumbles to dust.
You feel strangely unstable.
The scorpion stings you but does no damage.
The troll bites you! You block the troll's attack. The troll claws you.
You die...

.. .8 . .^ . ...
.. .###. ... ...
.... ... ..?. ..#
+.+ ....[ #.# #.#
#
......#s###.###.#
.......@T......#
...............#
...........<...#
......##...%...#
###### #.......#
.........#
..##......## .
#......# ........


You could see a troll and a scorpion.

Vanquished Creatures
  A water moccasin (D:5)
  3 black bears
  A sky beast (D:5)
  A bullfrog (D:6)
  2 scorpions
  A jelly (D:4)
  3 hounds
  A gnoll bouda (D:4)
  2 iguanas (D:4)
  2 orc wizards (D:4)
  A mummy (D:3)
  8 gnolls
  6 adders
  A worm (D:2)
  A dart slug (D:4)
  8 orcs
  5 ball pythons
  4 bats
  4 endoplasms
  2 giant cockroaches
  2 hobgoblins
  5 kobolds
  6 quokkas
  2 frilled lizards
  6 goblins
  4 rats (D:1)
82 creatures vanquished.

Notes
Turn   | Place    | Note
-------+----------+-------------------------------------------
     0 | D:1      | qw the Gargoyle Fighter began the quest for the Orb.
     0 | D:1      | Reached XP level 1. HP: 14/14 MP: 1/1
     0 | D:1      | 0 ||| qw: Version: 0.3-a-40-ge99b1a8
     0 | D:1      | 0 ||| qw: Game counter: 544
     0 | D:1      | 0 ||| qw: Melee chars always use a shield: true
     0 | D:1      | 0 ||| qw: God list: Okawaru
     0 | D:1      | 0 ||| qw: Allow faded altars: false
     0 | D:1      | 0 ||| qw: Do Orc after clearing Dungeon:15 true
     0 | D:1      | 0 ||| qw: Do second Lair branch before Depths: true
     0 | D:1      | 0 ||| qw: Lair rune preference: random
     0 | D:1      | 0 ||| qw: Goals: Normal, Zot:1-4, Slime:5, God:TSO, Crypt,
                  | Tomb, Abyss, Pan, Hells, Win
     0 | D:1      | 0 ||| PLANNING D:1-11
    39 | D:1      | Reached skill level 2 in Axes
   188 | D:1      | Reached XP level 2. HP: 19/19 MP: 2/2
   374 | D:1      | 374 ||| Stepping ~*~*~tactically~*~*~ (hiding).
   520 | D:1      | 520 ||| UPGRADING to +0 pair of gloves.
   525 | D:1      | 525 ||| UPGRADING to +3 ring mail.
   535 | D:1      | 535 ||| DROPPING +0 scale mail.
   536 | D:1      | 536 ||| DROPPING orb of guile.
   537 | D:1      | 537 ||| UPGRADING to ring of resist corrosion.
   538 | D:1      | 538 ||| READING scroll labelled GURILE KOGAESI.
   543 | D:1      | 543 ||| READING 2 scrolls labelled DEAD GUFRIEL MUA.
   544 | D:1      | 544 ||| READING scroll labelled MYGECK KARUUF.
   626 | D:2      | Reached skill level 3 in Axes
   626 | D:2      | Reached XP level 3. HP: 23/23 MP: 3/3
   833 | D:2      | 833 ||| Stepping ~*~*~tactically~*~*~ (stealth).
  1167 | D:2      | 1167 ||| READING scroll labelled TUTODGH QUPSYCK.
  1168 | D:2      | 1168 ||| READING scroll labelled VUATUA XOBA.
  1169 | D:2      | 1169 ||| READING scroll labelled KYALIT RAEBLAB.
  1170 | D:2      | 1170 ||| READING scroll labelled ZAOKIA MITWI.
  1171 | D:2      | 1171 ||| READING 2 scrolls of identify.
  1171 | D:2      | 1171 ||| IDENTIFYING bubbling purple potion
  1172 | D:2      | 1172 ||| DROPPING potion of berserk rage.
  1201 | D:3      | 1201 ||| STAIRDANCE
  1234 | D:3      | Found a faded altar of an unknown god.
  1277 | D:3      | Reached XP level 4. HP: 22/28 MP: 4/4
  1322 | D:3      | Found a snail-covered altar of Cheibriados.
  1376 | D:3      | 1376 ||| Stepping ~*~*~tactically~*~*~ (hiding).
  1378 | D:3      | 1378 ||| Stepping ~*~*~tactically~*~*~ (hiding).
  1380 | D:3      | 1380 ||| Stepping ~*~*~tactically~*~*~ (hiding).
  1596 | D:3      | Reached skill level 4 in Axes
  1690 | D:3      | 1690 ||| READING scroll of enchant armour.
  1690 | D:3      | 1690 ||| ENCHANTING +0 pair of gloves.
  1842 | D:4      | Noticed a scorpion
  1843 | D:4      | 1843 ||| Stepping ~*~*~tactically~*~*~ (stealth).
  1853 | D:4      | Killed a scorpion
  1854 | D:4      | Reached XP level 5. HP: 32/32 MP: 5/5
  1861 | D:4      | Reached skill level 5 in Axes
  1872 | D:4      | Found a runed translucent door.
  1892 | D:4      | Noticed qw's ghost (amateur GrHs)
  1956 | D:4      | Reached skill level 1 in Dodging
  1971 | D:4      | 1971 ||| DROPPING +0 whip.
  2011 | D:4      | Reached XP level 6. HP: 38/38 MP: 6/6
  2046 | D:4      | Noticed a black bear
  2051 | D:4      | 2051 ||| Stepping ~*~*~tactically~*~*~ (stealth).
  2061 | D:4      | Killed a black bear
  2184 | D:4      | 2184 ||| Stepping ~*~*~tactically~*~*~ (hiding).
  2191 | D:4      | 2191 ||| Stepping ~*~*~tactically~*~*~ (stealth).
  2192 | D:4      | 2192 ||| Stepping ~*~*~tactically~*~*~ (stealth).
  2196 | D:4      | 2196 ||| Stepping ~*~*~tactically~*~*~ (stealth).
  2207 | D:4      | 2207 ||| READING scroll of brand weapon.
  2207 | D:4      | 2207 ||| BRANDING +1 war axe of venom.
  2208 | D:4      | 2208 ||| Stepping ~*~*~tactically~*~*~ (stealth).
  2209 | D:4      | 2209 ||| Stepping ~*~*~tactically~*~*~ (stealth).
  2574 | D:4      | Reached XP level 7. HP: 44/44 MP: 7/7
  2584 | D:4      | HP: 9/44 [gnoll/+0 spear[a gnoll bouda] (7)]
  2585 | D:4      | 2585 ||| READING 3 scrolls of teleportation.
  2586 | D:4      | HP: 3/44 [gnoll/+0 spear[a gnoll bouda] (3)]
  2587 | D:4      | HP: 1/44 [acid (2)]
  2795 | D:4      | Reached skill level 6 in Axes
  2977 | D:4      | 2977 ||| READING scroll labelled HIOLIA DEMAOCW.
  2978 | D:4      | 2978 ||| DRINKING 2 bubbling clear potions.
  2979 | D:4      | 2979 ||| READING 2 scrolls of identify.
  2979 | D:4      | 2979 ||| IDENTIFYING yellow potion
  3018 | D:5      | Entered Level 5 of the Dungeon
  3187 | D:5      | Reached skill level 7 in Axes
  3193 | D:5      | Reached XP level 8. HP: 34/50 MP: 8/8
  3251 | D:5      | Found a staircase to the Ecumenical Temple.
  3252 | D:5      | 3252 ||| PLANNING TEMPLE
  3252 | D:5      | 3252 ||| READING scroll labelled MYKKUZECUI.
  3253 | D:5      | 3253 ||| READING scroll labelled XATIEN DINE.
  3261 | Temple   | Entered the Ecumenical Temple
  3262 | Temple   | 3262 ||| PLANNING OKAWARU WORSHIP
  3280 | Temple   | Became a worshipper of Warmaster Okawaru
  3281 | Temple   | 3281 ||| PLANNING D:1-11
  3522 | D:5      | Found Oxza Titoso's Distillery.
  3525 | D:5      | 3525 ||| SHOPLISTING 2 potions of resistance (280 gold,
                  | have 277).
  3525 | D:5      | 3525 ||| BUYING potion of cancellation (112 gold).
  3525 | D:5      | Bought a potion of cancellation for 112 gold pieces
  3525 | D:5      | 3525 ||| BUYING potion of curing (42 gold).
  3525 | D:5      | Bought a potion of curing for 42 gold pieces
  3525 | D:5      | 3525 ||| BUYING potion of curing (42 gold).
  3525 | D:5      | Bought a potion of curing for 42 gold pieces
  3525 | D:5      | 3525 ||| BUYING potion of enlightenment (70 gold).
  3525 | D:5      | Bought a potion of enlightenment for 70 gold pieces
  3577 | D:5      | 3577 ||| UPGRADING to ring of see invisible.
  3578 | D:5      | 3578 ||| READING 3 scrolls of identify.
  3578 | D:5      | 3578 ||| IDENTIFYING fuming inky potion
  3579 | D:5      | 3579 ||| READING 2 scrolls of identify.
  3579 | D:5      | 3579 ||| IDENTIFYING pink potion
  3626 | D:6      | Reached skill level 8 in Axes
  3626 | D:6      | Noticed a troll
  3644 | D:6      | HP: 11/50 [troll (6)]
  3645 | D:6      | 3645 ||| READING 2 scrolls of teleportation.
  3645 | D:6      | HP: 5/50 [troll (7)]
  3645 | D:6      | Slain by a troll

Levels and vault maps discovered:
D:1:      scummos_arrival_simple_crosswalls, layout_basic
D:2:      layout_loops_cross, minmay_misc_feat_alley
D:3:      layout_rooms, slow_altar_1, shapermc_ecumenical_altar_acropolis
D:4:      layout_basic, hellmonk_ghost_happy_afterlife
D:5:      layout_cave_pools, minmay_temple_entry_crystal_x, serial_glass,
          glass_columns_b, glass_columns_a, item_on_display_a,
          due_unseen_surprise, item_on_display_a, item_on_display_a,
          serial_shops, nicolae_shop_behind_doors, minmay_tree_intersection
D:6:      layout_gridville, mainiacjoe_overflow_alcove_1,
          hellmonk_guarded_unrand_lears
Temple:   minmay_freezing_vapour_temple

Skill      XL: |  1  2  3  4  5  6  7  8 |
---------------+-------------------------+-----
Axes           | 2 3 4 5 7 8 |  8.0
Dodging        | 1 |  1.1
Fighting       | 4 5 |  5.4
Armour         | |  3.2
Shields        | |  3.2

Action                     |  1- 3 |  4- 6 |  7- 9 || total
---------------------------+-------+-------+-------++-------
  Melee: War axe           |   102 |   103 |   108 ||   313
    Use: Scroll            |     8 |     2 |     8 ||    18
         Potion            |       |       |     1 ||     1
 Armour: Scale mail        |    20 |       |       ||    20
         Ring mail         |    30 |    72 |    88 ||   190
  Dodge: Dodged            |    44 |    52 |    63 ||   159
  Block: Buckler           |    17 |    22 |    29 ||    68

Table legend:
 A = Non-vault XP
 B = Vault XP
 C = Vault XP percentage of total XP
 D = Non-vault monster count
 E = Vault monster count
 F = Vault count percentage of total count
                 A         B        C        D         E       F
            +---------+---------+-------+---------+---------+-------
      Total |    1564 |      18 |   1.1 |      81 |       1 |   1.2
            +---------+---------+-------+---------+---------+-------
        D:1 |      23 |       0 |   0.0 |      14 |       0 |   0.0
        D:2 |      43 |       0 |   0.0 |      11 |       0 |   0.0
        D:3 |      54 |      18 |  25.0 |      11 |       1 |   8.3
        D:4 |     641 |       0 |   0.0 |      33 |       0 |   0.0
        D:5 |     665 |       0 |   0.0 |      10 |       0 |   0.0
        D:6 |     138 |       0 |   0.0 |       2 |       0 |   0.0
            +---------+---------+-------+---------+---------+-------
